 Dungeon Crawl Stone Soup version 0.32-a0-540-g866d13106e (webtiles) character file.

Game seed: 3354080323012441615

2961 lunkers the Cleaver (level 9, -3/68 HPs)
             Began as a Coglin Warper on Feb 28, 2024.
             Was a Priest of the Shining One.
             Slain by an orc warrior
             ... wielding a +0 halberd
              (13 damage)
             ... on level 8 of the Dungeon.
             The game lasted 00:13:05 (7729 turns).

lunkers the Cleaver (Coglin Warper)                 Turns: 7729, Time: 00:13:06

Health: -3/68      AC: 10    Str: 17    XL:     9   Next: 81%
Magic:  10/12      EV: 10    Int: 12    God:    the Shining One [***...]
Gold:   385        SH:  7    Dex: 13    Spells: 11/11 levels left

rFire   . . .        a - +0 hand axe {Wanphen}
rCold   . . .        C - +0 war axe {Ishtar-belessa}
rNeg    + . .        j - +1 scale mail
rPois   .            (no helmet)
rElec   .            r - +2 cloak
rCorr   .            (no gloves)
SInv    .            (no boots)
Will    .....        (no amulet) Stlth
                     (ring unavailable)
HPRegen 0.31/turn    (ring unavailable)
MPRegen 0.13/turn

%: no passive effects
@: divinely shielded, glowing, revved
A: off-hand wielding, slow wielding, warmup strikes, no rings
a: Renounce Religion, Divine Shield, Cleansing Flame


You were on level 8 of the Dungeon.
You worshipped the Shining One.
The Shining One was most pleased with you.
You visited 2 branches of the dungeon, and saw 9 of its levels.

You collected 385 gold pieces.

Inventory:

Hand Weapons
 a - a +0 hand axe (weapon) {Wanphen}
 l - a +0 mace {Chiraphon}
 p - a +0 short sword of venom {Cortez}
 q - a +0 short sword of holy wrath
 C - a +0 war axe (offhand) {Ishtar-belessa}
Missiles
 d - 4 darts of dispersal
 u - 6 poisoned darts
 D - a curare-tipped dart
Armour
 j - a +1 scale mail (worn)
 r - a +2 cloak (worn)
 v - a +2 robe of resistance
Wands
 w - a wand of flame (24)
 x - a wand of mindburst (7)
Scrolls
 c - a scroll of blinking
 i - 2 scrolls of vulnerability
 y - a scroll of poison
 A - a scroll of identify
 B - 2 scrolls of amnesia
 E - a scroll of silence {unknown}
Potions
 b - a potion of attraction {unknown}
 e - a potion of cancellation {unknown}
 f - a potion of berserk rage {unknown}
 g - 4 potions of curing
 h - a potion of resistance {unknown}
 k - 2 potions of might
 m - 2 potions of ambrosia {unknown}
 n - a potion of haste {unknown}
 o - 4 potions of heal wounds
 s - 2 potions of magic
 t - 2 potions of mutation {unknown}
 z - a potion of lignification {unknown}


   Skills:
 + Level 5.5 Fighting
 * Level 11.0 Axes
 - Level 0.8 Throwing
 + Level 2.3 Armour
 - Level 1.7 Dodging
 - Level 1.7 Spellcasting
 - Level 3.0 Translocations
 + Level 4.1 Invocations


You had 11 spell levels left.
You didn't know any spells.
Your spell library contained the following spells:

 Spells                   Type           Power      Damage    Failure   Level
 Blink                    Tloc           16%        N/A       38%         2
 Lesser Beckoning         Tloc           16%        N/A       38%         2
 Teleport Other           Tloc           8%         N/A       63%         3
 Scorch                   Fire           2%         2d5       80%         2
 Volatile Blastmotes      Fire/Tloc      8%         2d10      83%         3
 Dazzling Flash           Conj/Hex       2%         N/A       95%         3
 Manifold Assault         Tloc           8%         N/A       95%         4
 Vhi's Electric Charge    Tloc/Air       8%         N/A       99%         4
 Anguish                  Hex/Necr       0%         N/A       100%        4
 Cause Fear               Hex            0%         N/A       100%        4
 Flame Wave               Conj/Fire      1%         2d4       100%        4
 Starburst                Conj/Fire      0%         6d3       100%        6
 Summon Cactus Giant      Summ           0%         N/A       100%        6
 Enfeeble                 Hex            0%         N/A       100%        7
 Maxwell's Capacitive Co  Air            0%         ∞         100%        8


Dungeon Overview and Level Annotations

Branches:
Dungeon (8/15)             Temple (1/1) D:4
   Lair: D:8-11

Altars:
Ashenzari
Cheibriados
Dithmenos
Elyvilon
Fedhas
Gozag
Hepliaklqana
Kikubaaqudgha
Makhleb
Nemelex Xobeh
Okawaru
Ru
Sif Muna
Trog
Vehumet
Wu Jian
Xom
Yredelemnul
Zin
The Shining One

Shops:
D:1 (


Innate Abilities, Weirdness & Mutations

You can wield a second weapon in your off-hand.
It takes a long time for you to wield or remove held weapons.
Your first few attacks do less damage.
Your grasper-arms cannot wear rings.


Message History

The orc warrior closely misses you.
You hit the orc warrior with your +0 war axe.
The orc warrior is lightly wounded.
You hit the orc warrior with your +0 hand axe.
The orc warrior hits you with a +0 halberd.
* * * LOW HITPOINT WARNING * * *
You completely miss the orc warrior with your +0 hand axe.
The orc warrior is moderately wounded.
You hit the orc warrior with your +0 war axe.
You block the orc warrior's attack.
You hit the orc warrior but do no damage.
The orc warrior is heavily wounded.
You hit the orc warrior with your +0 hand axe.
You hit the orc warrior but do no damage.
The orc warrior is heavily wounded.
You hit the orc warrior with your +0 hand axe.
The orc warrior hits you with a +0 halberd!
* * * LOW HITPOINT WARNING * * *
You completely miss the orc warrior with your +0 war axe.
The orc warrior is heavily wounded.
You hit the orc warrior but do no damage.
The orc warrior hits you but does no damage.
You hit the orc warrior but do no damage.
The orc warrior is heavily wounded.
You hit the orc warrior but do no damage.
The orc warrior closely misses you.
You slash the orc warrior with your +0 hand axe!
The orc warrior is almost dead.
You hit the orc warrior but do no damage.
The orc warrior closely misses you.
You hit the orc warrior but do no damage.
The orc warrior is almost dead.
You hit the orc warrior but do no damage.
The orc warrior hits you with a +0 halberd.
* * * LOW HITPOINT WARNING * * *
You hit the orc warrior but do no damage.
The orc warrior is almost dead.
You hit the orc warrior with your +0 hand axe.
The orc warrior hits you with a +0 halberd!
You die...

### ########## ....
#........# .....##
#........#
.......###........########
.......oo@........>......#
.......###......##.#####.#
.o..### #......##.# #.#
... #......##.# #.# .
###....##.# #.# #....##.#
#.# ...#....##.# #.#
.........##.# #.#
..........##.#####.#


You could see an orc warrior and an orc.

Vanquished Creatures
  Jeremiah (D:7)
  A hornet (D:7)
  Menkaure (D:7)
  An orc warrior (D:7)
  An ice beast (D:7)
  2 black bears
  3 ogres
  2 centaurs (D:7)
  A phantom (D:6)
  A kobold brigand (D:7)
  A bullfrog (D:7)
  5 scorpions
  4 wights
  A howler monkey (D:4)
  2 bombardier beetles
  2 hounds (D:4)
  2 jellies
  2 orc priests
  Crazy Yiuf (D:2)
  2 sleepcaps
  A gnoll bouda (D:7)
  Natasha (thrice) (D:2)
  5 iguanas
  2 orc wizards (D:6)
  11 gnolls
  9 adders
  4 ribbon worms
  A dart slug (D:1)
  8 orcs
  6 endoplasms
  3 giant cockroaches
  4 goblins
  2 hobgoblins (D:2)
  4 quokkas
  4 ball pythons
  9 bats
  6 frilled lizards
  8 kobolds
  4 rats
130 creatures vanquished.

Notes
Turn   | Place    | Note
-------+----------+-------------------------------------------
     0 | D:1      | lunkers the Coglin Warper began the quest for the Orb.
     0 | D:1      | Reached XP level 1. HP: 16/16 MP: 3/3
   254 | D:1      | Reached XP level 2. HP: 22/22 MP: 4/4
   450 | D:1      | Reached skill level 3 in Axes
   562 | D:1      | Found a faded altar of an unknown god.
   579 | D:1      | Prayed at the altar of an unknown god.
   579 | D:1      | Became a worshipper of the Shining One
   579 | D:1      | Reached * piety under the Shining One
   594 | D:1      | Found Esargh's Antique Weapon Shop.
   951 | D:2      | Reached XP level 3. HP: 27/27 MP: 5/5
  1102 | D:2      | Reached skill level 4 in Axes
  1114 | D:2      | Noticed Natasha
  1123 | D:2      | Killed Natasha
  1124 | D:2      | Reached XP level 4. HP: 20/33 MP: 6/6
  1276 | D:2      | Noticed Natasha
  1284 | D:2      | Killed Natasha
  1425 | D:2      | Reached skill level 5 in Axes
  1662 | D:2      | Noticed Natasha
  1668 | D:2      | Killed Natasha
  1669 | D:2      | Reached XP level 5. HP: 22/38 MP: 7/7
  1827 | D:2      | Found a runed translucent door.
  1828 | D:2      | Noticed Crazy Yiuf
  1841 | D:2      | Killed Crazy Yiuf
  2366 | D:3      | Found an ancient bone altar of Kikubaaqudgha.
  2793 | D:3      | Reached skill level 6 in Axes
  2800 | D:3      | Reached XP level 6. HP: 44/44 MP: 8/8
  3236 | D:4      | Found a staircase to the Ecumenical Temple.
  3272 | D:4      | Reached ** piety under the Shining One
  3312 | Temple   | Entered the Ecumenical Temple
  3558 | D:4      | Reached skill level 7 in Axes
  3678 | D:4      | Reached XP level 7. HP: 50/50 MP: 9/9
  4152 | D:5      | Entered Level 5 of the Dungeon
  4350 | D:5      | Reached skill level 8 in Axes
  4466 | D:5      | Found an iron altar of Okawaru.
  4667 | D:5      | Found a shadowy altar of Dithmenos.
  4667 | D:5      | Found a broken altar of Ashenzari.
  4731 | D:5      | Found a shimmering blue altar of Sif Muna.
  5026 | D:5      | Reached skill level 9 in Axes
  5026 | D:5      | Reached XP level 8. HP: 44/56 MP: 10/10
  5396 | D:6      | Reached skill level 1 in Invocations
  6008 | D:7      | Noticed a hornet
  6009 | D:7      | Noticed Jeremiah
  6013 | D:7      | Killed a hornet
  6014 | D:7      | Reached skill level 10 in Axes
  6312 | D:7      | Killed Jeremiah
  6313 | D:7      | Reached XP level 9. HP: 32/66 MP: 11/11
  6542 | D:7      | Reached *** piety under the Shining One
  6830 | D:7      | Reached skill level 5 in Fighting
  6830 | D:7      | Reached skill level 1 in Armour
  7281 | D:7      | Noticed Menkaure
  7286 | D:7      | Killed Menkaure
  7548 | D:7      | Identified the +2 robe "Zusch" {rC+ Dex+3 Archmagi}
  7656 | D:8      | Found a shimmering altar of Xom.
  7717 | D:8      | Reached skill level 11 in Axes
  7729 | D:8      | Slain by an orc warrior

Illustrated notes

Levels and vault maps discovered:
D:1:      giann_horns, layout_basic, serial_shops, nicolae_diamond_shop,
          dreamdust_ecumenical_altar_grove, minmay_tetromino_l4
D:2:      layout_basic, uniq_crazy_yiuf_cottage, uniq_natasha
D:3:      layout_basic, nicolae_kikubaaqudgha_miasma_corner
D:4:      layout_loops_ring, temple_fountains, roderic_lattice_a,
          minmay_misc_feat_tiny, minmay_misc_feat_hallway, nicolae_the_louvre
D:5:      layout_gridville, lemuel_crystal_altar,
          gammafunk_temple_overflow_pools, mainiacjoe_overflow_alcove_1
D:6:      layout_basic
D:7:      layout_basic, uniq_menkaure, uniq_jeremiah
D:8:      layout_basic, kennysheep_mini, mainiacjoe_overflow_chevrons,
          kennysheep_doodads, minmay_misc_feat_rows, minmay_manual_maat
Temple:   eino_temple_lava

Skill      XL: |  1  2  3  4  5  6  7  8  9 |
---------------+----------------------------+-----
Axes           | 3 4 5 6 7 9 10 11 | 11.0
Invocations    | 3 4 |  4.1
Fighting       | 4 5 |  5.5
Armour         | 2 |  2.3
Throwing       | |  0.8
Dodging        | |  1.7
Spellcasting   | |  1.7
Translocations | |  3.0

Action                     |  1- 3 |  4- 6 |  7- 9 || total
---------------------------+-------+-------+-------++-------
  Melee: Hand axe          |   108 |    83 |   221 ||   412
         Mace              |    17 |    83 |   170 ||   270
         War axe           |       |       |    46 ||    46
  Throw: Dart              |       |     3 |       ||     3
 Invoke: Divine Shield     |       |       |     1 ||     1
  Evoke: Wand              |       |       |     6 ||     6
    Use: Scroll            |       |    11 |     3 ||    14
         Potion            |       |       |     1 ||     1
 Armour: Leather armour    |    29 |       |       ||    29
         Scale mail        |    62 |    86 |   161 ||   309
  Dodge: Dodged            |    58 |    51 |   110 ||   219
  Block: Other             |       |       |     2 ||     2

Table legend: (Time is in decaauts)
 A = Elapsed time spent in this place.
 B = Non-inter-level travel time spent in this place.
 C = Inter-level travel time spent in this place.
 D = Time resting spent in this place.
 E = Time spent auto-exploring this place.
 F = Levels seen in this place.
 G = Mean time per level.
                   A        B        C        D        E       F      G
               +--------+--------+--------+--------+--------+-----+--------+
         Total |   7775 |   7571 |    204 |    434 |   5995 |   9 |  863.9 |
       Dungeon |   7653 |   7449 |    204 |    434 |   5890 |   8 |  956.6 |
        Temple |    121 |    121 |      0 |      0 |    105 |   1 |  121.0 |
               +--------+--------+--------+--------+--------+-----+--------+

Top non-repeatable levels by time:
     D:6: 1241 daAuts
     D:7: 1178 daAuts
     D:2: 1128 daAuts
     D:3: 1057 daAuts
     D:5: 1053 daAuts
     D:4: 980 daAuts
     D:1: 917 daAuts
  Temple: 121 daAuts
     D:8: 96 daAuts
